 Dungeon Crawl Stone Soup version 0.32-a0-799-g95e1662365 (webtiles) character file.

Game seed: 11359609385566456330

176236 ragingrage the Fencer (level 18, -8/124 HPs)
             Began as an Octopode Ice Elementalist on Mar 21, 2024.
             Was an Initiate of Gozag.
             Mangled by the 27-headed Lernaean hydra (12 damage)
             ... on level 4 of the Swamp.
             The game lasted 01:06:44 (39554 turns).

ragingrage the Fencer (Octopode Ice Elementalist)  Turns: 39554, Time: 01:06:45

Health: -8/124     AC:  9    Str:  6    XL:     18   Next: 12%
Magic:  1/28       EV: 23    Int: 30    God:    Gozag
Gold:   6733       SH: 15    Dex: 23    Spells: 9/31 levels left

rFire   + + .        v - +2 short sword (distort)
rCold   + + .        J - +0 buckler
rNeg    . . .        (helmet restricted)
rPois   +            L - amulet of reflection
rElec   .            b - ring of poison resistance
rCorr   +            d - +4 ring of protection
SInv    .            P - ring of protection from fire
Will    +....        r - +4 ring of protection
Stlth   +++++        O - ring of Meca {Wiz rF+ rC++ rCorr}
HPRegen 0.40/turn    W - +5 ring of evasion
MPRegen 0.21/turn    S - +6 ring of intelligence
                     T - +6 ring of dexterity

%: reflection, wizardry (x1)
@: maw-form, very slightly contaminated
A: devouring maw, almost no armour, amphibious, 8 rings, camouflage 1,
gelatinous body 1, (nimble swimmer 1), tentacles, large bone plates 1, clever 1,
persistent drain
a: Begin Untransformation, Renounce Religion, Potion Petition, Call Merchant,
Bribe Branch


You were on level 4 of the Swamp.
You worshipped Gozag.
Gozag was greatly pleased with you.
You were a creature with a mouth for a stomach.
You visited 5 branches of the dungeon, and saw 26 of its levels.
You also visited: Sewer, Bailey and Ice Cave.

You collected 8215 gold pieces.
You paid 1482 gold pieces to Gozag.

Inventory:

Hand Weapons
 c - a +2 double sword of freezing
 v - a +2 short sword of distortion (weapon)
 R - a +6 rapier of electrocution
Missiles
 U - a throwing net
 V - 2 curare-tipped darts
Armour
 J - a +0 buckler (worn)
Jewellery
 b - a ring of poison resistance (left tentacle)
 d - a +4 ring of protection (right tentacle)
 r - a +4 ring of protection (on tentacle)
 L - an amulet of reflection (around mantle)
 N - a ring of magical power
 O - the ring of Meca (on tentacle) {Wiz rF+ rC++ rCorr}
   (You found it in a bailey)

   [ring of wizardry]

   Wiz:       It improves your spell success rate.
   rF+:       It protects you from fire.
   rC++:      It greatly protects you from cold.
   rCorr:     It protects you from acid and corrosion.
 P - a ring of protection from fire (on tentacle)
 S - a +6 ring of intelligence (on tentacle)
 T - a +6 ring of dexterity (on tentacle)
 W - a +5 ring of evasion (on tentacle)
Talismans
 t - a maw talisman (active)
Wands
 g - a wand of flame (17)
 o - a wand of paralysis (20)
 B - a wand of iceblast (28)
 C - a wand of mindburst (6)
 E - a wand of polymorph (7)
Scrolls
 e - a scroll of enchant weapon
 h - 6 scrolls of teleportation
 i - 7 scrolls of fog
 j - 6 scrolls of vulnerability
 k - 4 scrolls of poison
 m - 4 scrolls of immolation
 x - 4 scrolls of blinking
 y - 4 scrolls of amnesia
 D - 2 scrolls of fear
 F - 5 scrolls of revelation
 G - 5 scrolls of noise
 I - 7 scrolls of butterflies
 M - 4 scrolls of enchant armour
 X - a scroll of identify
Potions
 a - 2 potions of magic
 f - 10 potions of haste
 l - 3 potions of attraction
 p - 3 potions of ambrosia
 q - 6 potions of heal wounds
 s - 3 potions of might
 u - 9 potions of invisibility
 w - 6 potions of brilliance
 z - 7 potions of lignification
 A - 4 potions of mutation
 H - 5 potions of curing
 K - a potion of berserk rage
 Q - 2 potions of resistance
 Y - a potion of enlightenment {unknown}
Miscellaneous
 n - a condenser vane


   Skills:
 - Level 11.0 Fighting
 - Level 7.7(13.5) Short Blades
 - Level 17.2(17.8) Long Blades
 + Level 8.4 Dodging
 - Level 8.0 Stealth
 + Level 4.5 Shields
 - Level 7.0 Spellcasting
 - Level 4.0 Conjurations
 - Level 3.0 Summonings
 - Level 5.0 Necromancy
 - Level 6.0 Translocations
 - Level 10.0 Ice Magic
 - Level 4.0 Air Magic
 - Level 5.0 Evocations
 - Level 10.1 Shapeshifting


You had 9 spell levels left.
You knew the following spells:

 Your Spells              Type           Power      Damage    Failure   Level
a - Ozocubu's Armour      Ice            63%        N/A       1%          3
b - Frozen Ramparts       Ice            100%       1d16      1%          3
c - Summon Ice Beast      Ice/Summ       49%        N/A       1%          3
d - Fugue of the Fallen   Necr           40%        N/A       1%          3
e - Freeze                Ice            100%       1d10      1%          1
f - Manifold Assault      Tloc           46%        N/A       2%          4
g - Freezing Cloud        Conj/Ice/Air   23%        6-21      8%          5

Your spell library contained the following spells:

 Spells                   Type           Power      Damage    Failure   Level
 Summon Small Mammal      Summ           100%       N/A       1%          1
 Ensorcelled Hibernation  Hex/Ice        80%        N/A       1%          2
 Momentum Strike          Conj/Tloc      80%        3d10      1%          2
 Gell's Gravitas          Tloc           46%        N/A       1%          3
 Hailstorm                Conj/Ice       51%        3d10      1%          3
 Teleport Other           Tloc           46%        N/A       1%          3
 Vampiric Draining        Necr           40%        2d8       1%          3
 Slow                     Hex            40%        N/A       3%          1
 Mephitic Cloud           Conj/Alch/Air  26%        N/A       3%          3
 Dazzling Flash           Conj/Hex       44%        N/A       4%          3
 Martyr's Knell           Necr/Summ      34%        N/A       6%          4
 Confusing Touch          Hex            10%        N/A       9%          3
 Inner Flame              Hex/Fire       10%        N/A       9%          3
 Curse of Agony           Necr           40%        N/A       11%         5
 Flame Wave               Conj/Fire      22%        2d8       13%         4
 Ignite Poison            Fire/Alch      10%        N/A       28%         4
 Sticky Flame             Fire/Alch      10%        2d5       28%         4
 Silence                  Hex/Air        11%        N/A       34%         5
 Dispersal                Tloc           23%        N/A       36%         6
 Sculpt Simulacrum        Ice/Alch       20%        N/A       50%         6
 Conjure Ball Lightning   Conj/Air       17%        3x3d6     63%         6
 Monstrous Menagerie      Summ           14%        N/A       99%         7
 Discord                  Hex            5%         N/A       100%        8
 Disjunction              Tloc           23%        N/A       100%        8
 Chain Lightning          Conj/Air       17%        3d22      100%        9
 Fire Storm               Conj/Fire      11%        8d3       100%        9
 Shatter                  Erth           5%         3d8*      100%        9
 Animate Armour           Summ/Erth      Unusable   N/A       N/A         4

Dungeon Overview and Level Annotations

Branches:
Dungeon (14/15)            Temple (1/1) D:6            Lair (5/5) D:11
  Swamp (4/4) Lair:2       Spider (0/4) Lair:2        Slime (0/5) Lair:5
    Orc (2/2) D:9             Elf (0/3) Orc:2        Vaults (0/5) D:14
  Sewer (visited)          Bailey (visited)           IceCv (visited)

Altars:
Ashenzari
Cheibriados
Dithmenos
Elyvilon
Fedhas
Gozag
Hepliaklqana
Kikubaaqudgha
Makhleb
Nemelex Xobeh
Okawaru
Qazlal
Ru
Sif Muna
Trog
Uskayaw
Vehumet
Wu Jian
Xom
Yredelemnul
Zin
The Shining One
Beogh
Jiyva

Shops:
D:3 (   D:12 ?   Orc:2 [[((

Annotations:
D:4 2 transporters, backslashecho's ghost, amateur OpEE
D:10 1 exclusion
D:11 3 runed translucent doors, cojito's ghost, journeyman DrSh
D:12 3 runed translucent doors, 1 exclusion, Qeogosur's ghost, journeyman OnBe; Roxofob's ghost, journeyman DsGl; Ryeshew's ghost, journeyman DsFi; Sonja
D:14 exclusions: manticore and vault guard
Lair:5 1 runed translucent door, 1 exclusion
Swamp:4 Lernaean hydra
Abyss:1 Donald; Lodul


Innate Abilities, Weirdness & Mutations

You are a creature with a mouth for a stomach.
Your midsection houses a second, enormous mouth.
You cannot wear most types of armour.
You are amphibious.
You can wear up to eight rings at the same time.
Your skin changes colour to match your surroundings (Stealth+).
Your rubbery body absorbs attacks. (AC +1, EV +1)
((You are camouflaged when in or above water. (Stealth+)))
You have tentacles for arms and can constrict up to eight enemies at once.
You are partially covered in large bone plates. (SH +4)
Your mind is acute. (Int +4, Str/Dex -1)
Your health recovers twice as slowly from being drained.


Message History

Casting: Freezing Cloud (dangerous; 8% risk of failure)
Okay, then.
Casting: Freezing Cloud (dangerous; 8% risk of failure)
The 27-headed Lernaean hydra is engulfed in freezing vapours. x2
Unknown command.
Aiming: Iceblast
Press: ? - help, Shift-Dir - straight line, f/p - 27-headed Lernaean hydra
Aim: the 27-headed Lernaean hydra (heavily wounded, ally target)
Okay, then.
The 27-headed Lernaean hydra closely misses you.
The 27-headed Lernaean hydra bites you but does no damage.
The 27-headed Lernaean hydra completely misses you.
The 27-headed Lernaean hydra barely misses you.
You block the 27-headed Lernaean hydra's attack.
The 27-headed Lernaean hydra closely misses you.
The 27-headed Lernaean hydra misses you.
You block the 27-headed Lernaean hydra's attack.
The 27-headed Lernaean hydra completely misses you.
The 27-headed Lernaean hydra closely misses you.
The 27-headed Lernaean hydra misses you.
The 27-headed Lernaean hydra bites you but does no damage.
The 27-headed Lernaean hydra closely misses you.
The 27-headed Lernaean hydra bites you!
The 27-headed Lernaean hydra closely misses you. x2
The 27-headed Lernaean hydra bites you! x2
The 27-headed Lernaean hydra barely misses you.
The 27-headed Lernaean hydra bites you! x2
* * * LOW HITPOINT WARNING * * *
The 27-headed Lernaean hydra bites you!
* * * LOW HITPOINT WARNING * * *
The 27-headed Lernaean hydra bites you!
* * * LOW HITPOINT WARNING * * *
The 27-headed Lernaean hydra bites you.
* * * LOW HITPOINT WARNING * * *
The 27-headed Lernaean hydra bites you.
* * * LOW HITPOINT WARNING * * *
The 27-headed Lernaean hydra bites you but does no damage.
The 27-headed Lernaean hydra bites you!
You die...
Your body crumbles into a pile of gold.

~~..♣♣~~~.
.~~.♣~.~.~ ~~~..♣
♣<~..♣ ~.D ♣♣
.~~~~♣ ♣.§§♣♣♣
♣♣~♣♣ ~~~~.♣
♣.§§§~♣♣~~~♣
~~~~~♣
♣~§§§§Y♣~§.♣
~~~.~♣ ♣~~~~~..♣
~~...♣
♣♣♣♣~§~~DW♣
.~♣~~~
♣.~.~~~§~♣♣
.~.§~~.~~~~~~~.~♣
.~~ ~~~~~~.~♣♣
♣..~.~♣♣♣ ~♣♣♣♣♣


You could see the 27-headed Lernaean hydra (ally target), a swamp dragon and a
friendly ice beast (summoned).

Vanquished Creatures
  A thorn hunter (Swamp:2)
  A frost giant (IceCv)
  2 orc warlords
  2 eleionomae
  2 bunyips
  Azrael (D:13)
  2 shambling mangroves (Swamp:4)
  A spriggan air mage (Swamp:3)
  11 hydras
  2 ghost crabs
  5 alligators
  A merfolk avatar (Lair:5)
  5 two-headed ogres
  2 boulder beetles
  An ogre mage (D:12)
  The ghost of draino the Skirmisher, a novice CoHu of Gozag (D:8)
  13 death yaks
  An orc high priest (Orc:2)
  6 skysharks
  2 goliath frogs (Swamp:3)
  6 spriggan druids
  2 bog bodies (Swamp:2)
  6 swamp dragons
  2 sea snakes (Lair:5)
  4 obsidian bats (Orc:2)
  2 orc knights
  4 orc sorcerers (Orc:2)
  A will-o-the-wisp (Swamp:1)
  3 manticores
  A cyclops (D:14)
  An ice statue (IceCv)
  2 kobold blastminers (Orc:2)
  5 elephants (Lair:5)
  5 black mambas
  8 cane toads
  9 rime drakes
  An unseen horror (D:12)
  2 kobold demonologists
  An efreet (D:14)
  6 komodo dragons
  3 trolls
  4 polar bears
  11 blink frogs
  3 bloated husks (Swamp:1)
  4 tyrant leeches
  10 hornets
  5 dream sheep (Lair:5)
  3 wind drakes (Lair:5)
  10 slime creatures
  11 spriggans
  2 vampires
  A shadow (D:11)
  A human (Lair:5)
  34 yaks
  A wyvern (Lair:3)
  2 fire elementals (D:13)
  A wraith (D:12)
  3 basilisks
  An unseen horror simulacrum (D:8)
  Eustachio (D:5)
  A steam dragon (Lair:5)
  4 wargs
  Menkaure (D:5)
  18 swamp worms
  9 water moccasins
  2 acid dragons
  5 hell hounds
  5 swamp drakes
  2 black bears
  3 ice beasts
  36 orc warriors
  15 ogres
  A sky beast (D:6)
  A phantom (D:5)
  16 wolves
  3 centaurs
  4 kobold brigands
  7 bullfrogs
  2 scorpions
  3 wights (D:7)
  12 killer bees
  2 vampire bats (D:5)
  6 electric eels
  3 howler monkeys
  A crimson imp (D:8)
  A hound (D:6)
  A bombardier beetle (D:5)
  A gnoll bouda (D:8)
  17 orc priests
  Crazy Yiuf (D:5)
  2 jellies
  2 sleepcaps (D:8)
  3 iguanas
  13 orc wizards
  14 hell rats
  2 killer bee simulacra (D:8)
  5 adders
  8 gnolls
  A shadow imp (D:8)
  18 white imps
  5 ufetubi
  3 dart slugs
  2 ribbon worms
  98 orcs
  6 bats
  3 bat skeletons (D:5)
  4 bat zombies (D:5)
  7 endoplasms
  3 giant cockroaches
  20 goblins
  25 hobgoblins
  2 jackals (D:5)
  3 quokkas
  4 ball pythons
  10 frilled lizards
  29 kobolds
  6 rats
725 creatures vanquished.

Vanquished Creatures (collateral kills)
  A hydra (Lair:4)
  A death yak (IceCv)
  A black mamba (Lair:5)
  A cane toad (Lair:5)
  4 komodo dragons
  A snapping turtle (Lair:5)
  A blink frog (Lair:5)
  A dream sheep (Lair:5)
  A slime creature (Lair:5)
  8 yaks
  A wyvern (Lair:5)
  A fire elemental (D:13)
  A warg (Orc:2)
  A steam dragon (Lair:5)
  2 basilisks
  An acid dragon (D:9)
  A water moccasin (Lair:5)
  2 orc warriors
  A black bear (Lair:3)
  3 wolves
  A centaur (D:9)
  4 bullfrogs
  2 kobold brigands
  A wight (D:7)
  2 orc priests
  An orc wizard (Orc:1)
  A gnoll (D:8)
  A shadow imp (D:6)
  A white imp (D:5)
  6 orcs
  A kobold (D:9)
55 creatures vanquished.

Vanquished Creatures (others)
  A goliath frog (Swamp:1)
  5 bloated husks
6 creatures vanquished.

Grand Total: 786 creatures vanquished

Notes
Turn   | Place    | Note
-------+----------+-------------------------------------------
     0 | D:1      | ragingrage the Octopode Ice Elementalist began the quest
                  | for the Orb.
     0 | D:1      | Reached XP level 1. HP: 11/11 MP: 3/3
   296 | D:1      | Reached XP level 2. HP: 17/17 MP: 5/5
   868 | D:2      | Reached XP level 3. HP: 16/21 MP: 1/6
  1103 | D:2      | Learned a level 3 spell: Frozen Ramparts
  1107 | D:2      | Learned a level 3 spell: Ozocubu's Armour
  1884 | D:3      | Reached XP level 4. HP: 27/27 MP: 3/8
  1961 | D:3      | Identified the +3 chain mail "Imypsas" {*Slow Str+8}
  1982 | D:3      | Found a glowing drain.
  2038 | Sewer    | Entered a sewer
  2063 | Sewer    | Reached skill level 5 in Ice Magic
  2198 | Sewer    | Noticed a kobold brigand
  2215 | Sewer    | Killed a kobold brigand
  2216 | Sewer    | Reached XP level 5. HP: 31/31 MP: 5/9
  2291 | Sewer    | Noticed a kobold brigand
  2291 | Sewer    | Noticed a kobold brigand
  2299 | Sewer    | Killed a kobold brigand
  2300 | Sewer    | Reached XP level 6. HP: 8/36 MP: 6/10
  2885 | D:3      | Noticed an air elemental
  2887 | D:3      | Found a stormy altar of Qazlal.
  2891 | D:3      | Noticed a water elemental
  2924 | D:3      | Noticed a fire elemental
  2950 | D:3      | Found Hytulet's Antique Weapon Shoppe.
  3155 | D:4      | Found a transporter.
  3155 | D:4      | Noticed backslashecho's ghost (amateur OpEE)
  3162 | D:4      | Reached skill level 1 in Short Blades
  3162 | D:4      | Found a transporter.
  3210 | D:4      | Found a shadowy altar of Dithmenos.
  3329 | D:4      | Learned a level 3 spell: Summon Ice Beast
  3711 | D:4      | Gained mutation: Your health recovers twice as slowly from
                  | being drained. [potion of mutation]
  3711 | D:4      | Gained mutation: Your mind is acute. (Int +4, Str/Dex -1)
                  | [potion of mutation]
  3711 | D:4      | Gained mutation: You are partially covered in large bone
                  | plates. (SH +4) [potion of mutation]
  3720 | D:4      | Reached XP level 7. HP: 41/41 MP: 6/11
  3795 | D:4      | Reached skill level 1 in Summonings
  4207 | D:4      | Found an iron altar of Okawaru.
  4278 | D:5      | Entered Level 5 of the Dungeon
  4358 | D:5      | Noticed Menkaure
  4364 | D:5      | Killed Menkaure
  4473 | D:5      | Reached XP level 8. HP: 36/46 MP: 9/12
  4554 | D:5      | Noticed Eustachio
  4564 | D:5      | Killed Eustachio
  4930 | D:5      | Found an ancient bone altar of Kikubaaqudgha.
  5411 | D:5      | Found a runed translucent door.
  5412 | D:5      | Noticed Crazy Yiuf
  5833 | D:6      | Found a staircase to the Ecumenical Temple.
  5842 | Temple   | Entered the Ecumenical Temple
  5857 | Temple   | Became a worshipper of Gozag Ym Sagoz the Greedy
  5886 | D:6      | Found a broken altar of Ashenzari.
  5949 | D:6      | Reached skill level 5 in Short Blades
  6228 | D:6      | Reached XP level 9. HP: 43/51 MP: 3/13
  6943 | D:7      | Found a glowing golden altar of the Shining One.
  7088 | D:7      | Reached skill level 10 in Ice Magic
  7899 | D:7      | Reached skill level 1 in Long Blades
  8443 | D:7      | Found a roughly hewn altar of Beogh.
  8448 | D:7      | Reached skill level 2 in Long Blades
  8676 | D:8      | Noticed a hornet
  8685 | D:8      | Killed a hornet
  8686 | D:8      | Reached skill level 3 in Long Blades
  8864 | D:8      | Reached skill level 4 in Long Blades
  9069 | D:8      | Noticed draino's ghost (novice CoHu)
  9116 | D:8      | Found a shimmering altar of Xom.
  9200 | D:8      | Found a burning altar of Makhleb.
  9256 | D:8      | Found a runed translucent gate.
  9256 | D:8      | Found a runed translucent gate.
  9256 | D:8      | Found a runed translucent gate.
  9450 | D:8      | Learned a level 3 spell: Fugue of the Fallen
  9685 | D:9      | Reached skill level 1 in Necromancy
  9686 | D:9      | Reached XP level 10. HP: 56/56 MP: 4/14
  9717 | D:9      | Reached skill level 5 in Long Blades
  9768 | D:9      | Found a sacrificial altar of Ru.
  9889 | D:9      | Got the Grimoire of Trauma and the Damned
  9895 | D:9      | Found a hide-covered altar of Uskayaw.
 10001 | D:9      | Noticed a kobold demonologist
 10021 | D:9      | Killed a kobold demonologist
 10177 | D:9      | Found a flagged portal.
 10312 | Bailey   | Entered a bailey
 10366 | Bailey   | Reached skill level 6 in Long Blades
 10443 | Bailey   | Noticed an orc knight
 10455 | Bailey   | Killed an orc knight
 10661 | Bailey   | Reached skill level 7 in Long Blades
 10661 | Bailey   | Reached skill level 5 in Necromancy
 11066 | Bailey   | Noticed an orc warlord
 11069 | Bailey   | Killed an orc warlord
 11070 | Bailey   | Reached skill level 8 in Long Blades
 11071 | Bailey   | Reached skill level 9 in Long Blades
 11071 | Bailey   | Reached XP level 11. HP: 32/61 MP: 15/15
 11243 | Bailey   | Identified the ring of Meca {Wiz rF+ rC++ rCorr}
 11289 | D:9      | Found a roughly hewn altar of Beogh.
 11289 | D:9      | Found a staircase to the Orcish Mines.
 11591 | D:9      | Noticed a two-headed ogre
 11599 | D:9      | Noticed a two-headed ogre
 12081 | D:9      | Reached skill level 10 in Long Blades
 12215 | D:9      | Killed a two-headed ogre
 12309 | D:9      | Killed a two-headed ogre
 12310 | D:9      | Reached skill level 11 in Long Blades
 12463 | D:10     | Entered Level 10 of the Dungeon
 12578 | D:10     | Noticed a two-headed ogre
 12588 | D:10     | Killed a two-headed ogre
 12589 | D:10     | Reached skill level 1 in Fighting
 13440 | D:11     | Found a runed translucent gate.
 13440 | D:11     | Found a runed translucent gate.
 13440 | D:11     | Found a runed translucent gate.
 13443 | D:11     | Noticed cojito's ghost (journeyman DrSh)
 13496 | D:11     | Reached skill level 1 in Translocations
 13554 | D:11     | Found a staircase to the Lair.
 13889 | D:11     | Noticed a boulder beetle
 13929 | D:11     | Killed a boulder beetle
 13930 | D:11     | Reached skill level 5 in Stealth
 14138 | D:11     | Found a roughly hewn altar of Beogh.
 14195 | Lair:1   | Entered Level 1 of the Lair of Beasts
 14305 | Lair:1   | Reached XP level 12. HP: 62/72 MP: 12/18
 14946 | Lair:1   | Reached skill level 5 in Spellcasting
 15465 | Lair:2   | Noticed a five-headed hydra
 15482 | Lair:2   | Killed a five-headed hydra
 15629 | Lair:2   | Noticed a death yak
 15630 | Lair:2   | Noticed a death yak
 15660 | Lair:2   | Killed a death yak
 15661 | Lair:2   | Reached skill level 5 in Fighting
 15661 | Lair:2   | Reached skill level 5 in Translocations
 15728 | Lair:2   | Noticed a death yak
 15728 | Lair:2   | Noticed a death yak
 15728 | Lair:2   | Noticed a death yak
 15747 | Lair:2   | Noticed a death yak
 15750 | Lair:2   | Killed a death yak
 15750 | Lair:2   | Killed a death yak
 15752 | Lair:2   | Killed a death yak
 15760 | Lair:2   | Killed a death yak
 15761 | Lair:2   | Reached skill level 12 in Long Blades
 15762 | Lair:2   | Killed a death yak
 15764 | Lair:2   | Noticed a skyshark
 15780 | Lair:2   | Killed a skyshark
 15961 | Lair:2   | Found a hole to the Spider Nest.
 16181 | Lair:2   | Reached skill level 13 in Long Blades
 16317 | Lair:2   | Noticed a six-headed hydra
 16340 | Lair:2   | Banished a six-headed hydra
 16341 | Lair:2   | Reached XP level 13. HP: 81/81 MP: 12/20
 16397 | Lair:2   | Found a staircase to the Swamp.
 17004 | Lair:3   | Reached skill level 14 in Long Blades
 17775 | Lair:3   | HP: 3/81 [komodo dragon (22)]
 17794 | Lair:3   | Reached skill level 15 in Long Blades
 17794 | Lair:3   | Reached XP level 14. HP: 78/90 MP: 21/21
 18583 | Lair:3   | Reached skill level 16 in Long Blades
 19000 | Lair:3   | Got the Almanac of Viperous Creation
 19954 | Lair:4   | Learned a level 4 spell: Manifold Assault
 20798 | Lair:5   | Entered Level 5 of the Lair of Beasts
 21074 | Lair:5   | Reached skill level 1 in Shapeshifting
 21297 | Lair:5   | Reached XP level 15. HP: 76/95 MP: 25/25
 21299 | Lair:5   | Found a staircase to the Slime Pits.
 21382 | Lair:5   | Reached skill level 17 in Long Blades
 21477 | Lair:5   | Found a dark tunnel.
 23302 | Lair:5   | Reached skill level 5 in Shapeshifting
 23649 | Lair:5   | Found a viscous altar of Jiyva.
 23865 | Lair:5   | Identified the +1 scale mail of Insecurity {rN++}
 24001 | Lair:5   | Found a runed translucent door.
 24578 | Orc:1    | Entered Level 1 of the Orcish Mines
 25115 | D:5      | Killed Crazy Yiuf
 25676 | D:8      | Killed draino's ghost
 26032 | Orc:2    | Entered Level 2 of the Orcish Mines
 26032 | Orc:2    | Found a roughly hewn altar of Beogh.
 26075 | Orc:1    | Found a roughly hewn altar of Beogh.
 26809 | Orc:2    | Found a roughly hewn altar of Beogh.
 26883 | Orc:2    | Found a roughly hewn altar of Beogh.
 26986 | Orc:2    | Found Sahioh's Armour Shop.
 27676 | Orc:2    | Found a staircase to the Elven Halls.
 27698 | Orc:2    | Found a roughly hewn altar of Beogh.
 27890 | Orc:2    | Found a roughly hewn altar of Beogh.
 27932 | Orc:2    | Found Pisin's Weapon Shoppe.
 28565 | Orc:2    | Noticed an orc warlord
 28694 | Orc:2    | Killed an orc warlord
 28758 | Orc:2    | Found a roughly hewn altar of Beogh.
 28758 | Orc:2    | Found Hophoyve's Antique Weapon Emporium.
 28761 | Orc:2    | Found Pocriagh's Antique Armour Shoppe.
 29435 | D:12     | Noticed Sonja
 29618 | D:12     | Found a frozen archway.
 29665 | D:12     | Reached XP level 16. HP: 80/109 MP: 10/26
 29803 | IceCv    | Entered an ice cave
 29819 | IceCv    | Reached skill level 1 in Evocations
 30036 | IceCv    | Reached skill level 10 in Fighting
 30266 | IceCv    | Reached skill level 10 in Shapeshifting
 30266 | IceCv    | Reached XP level 17. HP: 115/115 MP: 27/27
 30670 | IceCv    | Reached skill level 5 in Evocations
 31048 | IceCv    | Got the Codex of the Icicle
 32076 | D:12     | Found a runed translucent gate.
 32076 | D:12     | Found a runed translucent gate.
 32083 | D:12     | Found a runed translucent gate.
 32112 | D:12     | Noticed Qeogosur's ghost (journeyman OnBe)
 32112 | D:12     | Noticed Roxofob's ghost (journeyman DsGl)
 32113 | D:12     | Noticed Ryeshew's ghost (journeyman DsFi)
 32794 | D:13     | Noticed Lodul
 34429 | D:13     | Banished Lodul
 34500 | D:13     | Noticed Azrael
 34531 | D:13     | Killed Azrael
 34907 | D:14     | Reached skill level 5 in Dodging
 35123 | D:14     | Found a gate to the Vaults.
 35167 | D:13     | Upgraded the game from 0.32-a0-791-gfc315c9ecd to
                  | 0.32-a0-799-g95e1662365
 35173 | D:13     | Learned a level 5 spell: Freezing Cloud
 35267 | Swamp:1  | Entered Level 1 of the Swamp
 35664 | Swamp:1  | Reached skill level 1 in Conjurations
 35664 | Swamp:1  | Reached skill level 1 in Air Magic
 36598 | Swamp:1  | Found an ornate altar of the Wu Jian Council.
 38729 | Swamp:3  | Identified the +5 hand axe "Uwoimp" {flame, MP+9 Dex+3}
 38975 | Swamp:3  | Reached skill level 1 in Shields
 39123 | Swamp:4  | Entered Level 4 of the Swamp
 39156 | Swamp:4  | Noticed Donald
 39171 | Swamp:4  | Banished Donald
 39423 | Swamp:4  | Reached XP level 18. HP: 124/124 MP: 28/28
 39497 | Swamp:4  | Noticed the 27-headed Lernaean hydra
 39554 | Swamp:4  | HP: 4/124 [the 27-headed Lernaean hydra (3)]
 39554 | Swamp:4  | Mangled by the 27-headed Lernaean hydra

Illustrated notes

Levels and vault maps discovered:
D:1:      ldierk_walled_garden_2, layout_loops_cross, minmay_lizard_king
D:2:      layout_loops_corners, minmay_ruptured
D:3:      wad_crossroads, layout_basic, nicolae_qazlal_style_of_elements,
          serial_shops, nicolae_shop_stone, portal_sewer_entry_d,
          kennysheep_generic_room_16
D:4:      layout_loops_ring, kennysheep_little_box,
          nicolae_dithmenos_the_darkroom, gammafunk_ghost_arena,
          skrybe_limestone_x, hangedman_glass_garden, guppyfry_early_orc_mine
D:5:      layout_loops_corners, kennysheep_vampire_church,
          minmay_misc_feat_cross, uniq_menkaure, uniq_crazy_yiuf_cottage,
          uniq_eustachio
D:6:      layout_loops_cross, ashenzari_altar_1, minmay_temple_entry_slanted,
          minivault_14, blue_anna_alchemist
D:7:      layout_loops_corners, old_standard_altar, mrwooster_statue_mirror,
          david_defended_altar_orc
D:8:      layout_rooms, grunt_temple_overflow_champion_of_chaos,
          gammafunk_ghost_icy, st_stairs_9, roderic_roman_lattice, hex_tiny
D:9:      layout_stronghold, nicolae_uskayaw_murder_on_the_dancefloor,
          old_standard_altar, david_orc_5, enter_bailey_5
D:10:     layout_roguey, minmay_door_square, corner_web_ring
D:11:     layout_roguey, lair_entry_dummy, biasface_ghost_orc_armoury
D:12:     layout_roguey, portal_ice_cave_entry_imps, gammafunk_ghost_cemetery,
          uniq_sonja
D:13:     layout_irregular_city, uniq_azrael, uniq_lodul
D:14:     minmay_polygon_palace, layout_cave_pools, erik_vaults_2,
          hellmonk_sif_muna_bookshelves
Temple:   hc_temple_tempest_star
Lair:1:   layout_long_grid, chequers_serial_rivers_room_b
Lair:2:   layout_regular_city, minmay_swamp_entry_worms, dummy_spider_entry,
          lemuel_fruit_fields
Lair:3:   layout_cave_pods, wad_woods_river_02, grunt_megastairs_4,
          infiniplex_staircase_pool
Lair:4:   layout_small_grid
Lair:5:   gammafunk_lair_ancient_temple, layout_gridlike,
          minmay_slime_entry_pillars, enter_volcano_3,
          pdpol_lair_cabin_in_the_woods
Swamp:1:  layout_basic_swamp, evilmike_swamp_ruin_house_4,
          nicolae_swamp_godswood, nicolae_swamp_long_stream
Swamp:2:  layout_basic_swamp, hangedman_swamp_lotus
Swamp:3:  layout_falls_marsh, infiniplex_staircase_pool_2
Swamp:4:  swamp_alternative, layout_basic_swamp, uniq_donald
Orc:1:    cheibrodos_orc_bank, layout_caves, basic_altar
Orc:2:    grunt_orc_community_town_hall, layout_caves,
          grunt_orc_community_big_house_1, grunt_orc_community_big_house_2,
          grunt_orc_community_house_1, grunt_orc_community_house_2,
          grunt_orc_community_house_1, grunt_orc_community_house_1, basic_altar

Skill      XL: |  1  2  3  4  5  6  7  8  9 10 11 12 13 14 15 16 17 18 |
---------------+-------------------------------------------------------+-----
Stealth        | 3 5 6 8 |  8.0
Spellcasting   | 3 4 5 7 |  7.0
Ice Magic      | 6 7 9 10 | 10.0
Short Blades   | 1 3 5 7 |  7.7
Summonings     | 2 3 |  3.0
Long Blades    | 4 9 11 13 15 16 17 | 17.2
Necromancy     | 1 5 |  5.0
Fighting       | 3 5 6 9 10 11 | 11.0
Translocations | 2 5 6 |  6.0
Dodging        | 3 4 7 8 |  8.4
Shapeshifting  | 2 8 10 | 10.1
Evocations     | 2 5 |  5.0
Conjurations   | 4 |  4.0
Air Magic      | 4 |  4.0
Shields        | 3 4 |  4.5

Action                     |  1- 3 |  4- 6 |  7- 9 | 10-12 | 13-15 | 16-18 || total
---------------------------+-------+-------+-------+-------+-------+-------++-------
  Melee: Unarmed           |     7 |       |       |       |       |       ||     7
         Constrict         |    10 |    17 |    39 |    29 |   115 |    19 ||   229
         Dagger            |    23 |    28 |       |       |       |       ||    51
         Tentacles         |     7 |    11 |    34 |    81 |   216 |   111 ||   460
         Short sword       |       |    43 |   160 |   278 |   719 |   383 ||  1583
         Maw               |       |       |       |       |       |   129 ||   129
  Throw: Dart              |       |       |       |    17 |     9 |     7 ||    33
         Throwing net      |       |       |       |       |     1 |     2 ||     3
   Cast: Freeze            |    25 |     5 |     1 |       |       |       ||    31
         Frozen Ramparts   |       |     6 |    21 |    37 |    89 |    14 ||   167
         Ozocubu's Armour  |       |     1 |    29 |    36 |    96 |    16 ||   178
         Summon Ice Beast  |       |       |    14 |    40 |    68 |    10 ||   132
         Fugue of the Fall |       |       |       |     9 |     9 |     6 ||    24
         Manifold Assault  |       |       |       |       |     6 |    23 ||    29
         Freezing Cloud    |       |       |       |       |       |    67 ||    67
 Invoke: Potion Petition   |       |       |       |       |     2 |       ||     2
         Call Merchant     |       |       |       |       |       |     1 ||     1
  Evoke: Wand              |       |       |       |     6 |    22 |     1 ||    29
         Condenser vane    |       |       |       |       |     2 |     1 ||     3
    Use: Potion            |       |     6 |     1 |       |     6 |     1 ||    14
         Scroll            |       |       |     7 |     9 |     9 |     2 ||    27
   Stab: Sleeping          |    14 |    15 |    12 |     6 |     9 |    15 ||    71
         Distracted        |       |       |     1 |     1 |     3 |     2 ||     7
         Paralysed         |       |       |       |     1 |       |       ||     1
         Petrified         |       |       |       |       |     1 |       ||     1
         Confused          |       |       |       |       |     2 |       ||     2
         Held in net/web   |       |       |       |       |     1 |     1 ||     2
 Armour: Skin              |    15 |    24 |    81 |    98 |   411 |   194 ||   823
  Dodge: Dodged            |    16 |    25 |    72 |    79 |   261 |   117 ||   570
  Block: Other             |       |       |    18 |    59 |   186 |    68 ||   331
         Reflection        |       |       |       |     3 |     8 |     5 ||    16
         Buckler           |       |       |       |       |       |    21 ||    21
   Form: Maw               |       |       |       |       |       |     1 ||     1

Table legend: (Time is in decaauts)
 A = Elapsed time spent in this place.
 B = Non-inter-level travel time spent in this place.
 C = Inter-level travel time spent in this place.
 D = Time resting spent in this place.
 E = Time spent auto-exploring this place.
 F = Levels seen in this place.
 G = Mean time per level.
                   A        B        C        D        E       F      G
               +--------+--------+--------+--------+--------+-----+--------+
         Total |  38778 |  36706 |   2072 |  10757 |  19179 |  29 | 1337.2 |
       Dungeon |  18364 |  16881 |   1483 |   4096 |  10158 |  14 | 1311.7 |
        Temple |     30 |      1 |     29 |      0 |      0 |   1 |   30.0 |
          Lair |   9942 |   9589 |    353 |   2127 |   5344 |   5 | 1988.4 |
         Swamp |   4227 |   4127 |    100 |   2249 |   1289 |   4 | 1056.8 |
  Orcish Mines |   3323 |   3216 |    107 |    939 |   1525 |   2 | 1661.5 |
         Sewer |    379 |    379 |      0 |     85 |    148 |   1 |  379.0 |
        Bailey |    937 |    937 |      0 |    400 |    294 |   1 |  937.0 |
      Ice Cave |   1572 |   1572 |      0 |    860 |    421 |   1 | 1572.0 |
               +--------+--------+--------+--------+--------+-----+--------+

Top non-repeatable levels by time:
  Lair:5: 3325 daAuts
   Orc:2: 2446 daAuts
    D:13: 2426 daAuts
  Lair:3: 2196 daAuts
     D:9: 2049 daAuts
 Swamp:2: 1751 daAuts
     D:7: 1695 daAuts
  Lair:4: 1647 daAuts
  Lair:2: 1616 daAuts
     D:5: 1583 daAuts
   IceCv: 1572 daAuts
     D:8: 1512 daAuts
 Swamp:1: 1362 daAuts
    D:12: 1353 daAuts
     D:6: 1282 daAuts
